Map: Lost and Found LE

Players

Nojoke

  • Race: Terran Terran
  • League: Diamond
  • Spawn Location: 1:00

KnightCX - Winner!

  • Race: Protoss Protoss
  • League: Diamond
  • Spawn Location: 7:00

VOD

Have the link to the VOD?

Description

posted wrong replay

Time

  • Played on: Aug. 15, 2018, 12:31 p.m.
  • Length: 22:44
Show
View Real Time Build Order
Export as new Build Order

Nojoke Terran 

Build Orders: MMM Bio 

Get SALT Encoding   

  12  0:01  SCV  
  13  0:13  SCV  
  14  0:17  Supply Depot  
  14  0:25  SCV  
  15  0:38  SCV  
  15  0:39  Barracks  
  16  0:46  Refinery  
  16  0:50  SCV  
  17  1:02  SCV  
  18  1:05  Engineering Bay  
  18  1:15  SCV  
  19  1:32  Orbital Command  
  19  1:33  Reaper  
  20  1:53  Bunker  
  20  2:01  SCV  
  20  2:08  Marine  
  22  2:14  Barracks  
  22  2:15  Barracks  
  22  2:23  Engineering Bay  
  22  2:37  Barracks Reactor  
  22  2:49  Command Center  
  22  2:58  Missile Turret  
  22  3:04  Barracks Tech Lab  
  22  3:13  SCV  
  23  3:26  Missile Turret  
  23  3:34  Supply Depot  
  23  3:45  Marine  
  23  3:49  Supply Depot  
  23  3:52  Refinery  
  23  3:53  Supply Depot  
  23  3:54  Supply Depot  
  23  3:56  Marauder, Stimpack, Marine  
  23  4:00  SCV  
  27  4:13  Factory  
  27  4:22  Orbital Command  
  27  4:23  Neosteel Frame  
  27  4:33  Bunker  
  27  4:34  SCV  
  28  4:45  Marine x3  
  29  4:47  Missile Turret  
  31  4:58  Starport, Factory Tech Lab  
  31  5:01  SCV  
  32  5:16  Marine x3  
  35  5:33  Marine  
  35  5:34  Viking, Marine  
  39  5:36  Marine  
  40  5:44  Siege Tank  
  40  5:45  SCV x2  
  44  5:51  Marine  
  44  5:52  Marine  
  45  5:57  SCV x2  
  45  6:02  Marine  
  48  6:09  SCV, Marine  
  48  6:10  SCV  
  51  6:17  Marine  
  52  6:19  Marine  
  52  6:20  Siege Tank  
  52  6:21  SCV  
  52  6:22  SCV  
  58  6:31  Starport Reactor  
  58  6:33  SCV  
  58  6:34  SCV  
  60  6:46  SCV x2, Refinery  
  62  6:47  Marine x3  
  65  6:58  SCV x2  
  66  7:10  SCV x2  
  66  7:14  Marine x2  
  70  8:01  Marine x2  
  70  8:07  Bunker  
  70  8:12  Bunker  
  70  8:15  Missile Turret  
  70  8:22  Missile Turret  
  70  8:28  Command Center  
  70  8:29  Barracks, Marine x3  
  70  8:31  Barracks x2, Supply Depot  
  70  8:32  Siege Tank  
  70  8:33  Supply Depot  
  79  8:35  Starport Reactor  
  79  8:39  Missile Turret  
  76  8:47  Marine x3  
  79  9:05  Marine x2  
  81  9:21  Barracks Reactor  
  81  9:22  Barracks Reactor  
  81  9:31  Combat Shields  
  81  9:33  Marine  
  81  9:36  Medivac x2  
  86  9:47  Barracks Reactor  
  86  9:50  Marine  
  85  10:05  Planetary Fortress, Missile Turret  
  85  10:06  Medivac x2  
  88  10:07  Sensor Tower, Marine  
  81  10:57  Medivac x2  
  85  11:18  Marine x4  
  90  11:34  Marine  
  90  11:39  Marine x3  
  90  11:52  Marine  
  78  11:57  Marine x3  
  77  12:06  Factory Tech Lab  
  77  12:10  Marine  
  77  12:15  Marine x3  
  81  12:19  Missile Turret  
  81  12:20  Missile Turret  
  81  12:22  Missile Turret  
  80  12:27  Marine, Liberator x2  
  80  12:33  Marine x3  
  83  12:43  Siege Tank  
  87  12:44  Missile Turret x2  
  87  12:47  Missile Turret  
  87  12:49  Barracks Reactor, Barracks Tech Lab  
  87  12:50  Marine  
  87  12:51  Concussive Shells, Marine x2  
  95  13:04  Missile Turret  
  95  13:09  Command Center  
  95  13:15  Siege Tank  
  95  13:19  Marine x4  
  102  13:34  Command Center  
  102  13:35  Supply Depot x2  
  102  13:38  Supply Depot  
  102  13:48  Missile Turret  
  102  13:56  Viking, Marine x3, Medivac  
  109  14:06  Missile Turret  
  98  14:56  Bunker  
  98  15:01  Missile Turret  
  98  15:03  Sensor Tower, Missile Turret  
  98  15:04  Planetary Fortress  
  98  15:10  Terran Infantry Weapons Level 1  
  98  15:17  Armory, Engineering Bay  
  98  15:25  Refinery  
  98  15:32  Refinery  
  98  15:40  Liberator x2  
  98  15:41  Marine  
  98  15:42  Marine x5  
  101  15:56  SCV x3  
  104  15:59  Siege Tank  
  113  16:08  SCV x3  
  116  16:20  SCV x2  
  116  16:23  Liberator  
  118  16:28  Marine  
  118  16:29  Marine x5  
  118  16:32  Siege Tank  
  127  16:35  Ghost Academy  
  127  16:39  Ghost Academy  
  127  16:45  Terran Infantry Armor Level 1  
  127  16:46  Marine x3  
  133  16:47  Terran Vehicle Weapons Level 1  
  133  16:58  Liberator  
  133  17:05  Liberator  
  133  17:10  Ghost Academy  
  119  17:38  Command Center  
  119  17:41  Personal Cloaking  
  119  17:42  Nuke  
  119  17:50  SCV  
  120  18:02  SCV  
  121  18:07  Refinery  
  121  18:14  SCV  
  121  18:15  Ghost  
  121  18:16  Ghost  
  126  18:26  SCV  
  127  18:38  SCV  
  124  18:56  Ghost x2  
  118  19:30  Marine x3  
  118  19:31  Marine x3  
  75  19:48  Ghost x2, Marine x2  
  75  19:52  Marine x2  
  80  19:53  Thor  
  80  20:06  Marine x2  
  79  20:09  Marine  
  79  20:10  Marine  
  74  20:17  Marine x2  
  73  20:24  Marine x2  
  69  20:34  Ghost x2  
  59  20:47  Marine x4  
  57  21:01  SCV  
  57  21:03  Marine x2  
  60  21:04  Marine  
  60  21:05  Refinery, Marine  
  53  21:26  Marine x6  
  53  21:30  Medivac x2  
  63  21:33  SCV x2  
  65  21:43  Marine  
  65  21:44  Marine x3  
  65  21:45  SCV  
  70  21:49  Command Center x2, Marauder x2  
  74  22:09  Ghost  
  74  22:12  Marine x5  
  77  22:36  Command Center  
Show
View Real Time Build Order
Export as new Build Order

KnightCX Protoss - Winner!

Build Orders: Blink Stalkers 

Get SALT Encoding   

  12  0:03  Probe  
  13  0:15  Probe  
  14  0:25  Pylon  
  14  0:29  Probe  
  15  0:43  Probe  
  15  0:47  Gateway  
  16  0:52  Assimilator  
  16  0:55  Probe  
  17  1:07  Probe  
  18  1:17  Assimilator  
  18  1:18  Probe  
  19  1:26  Probe  
  19  1:32  Pylon  
  20  1:34  Probe  
  20  1:35  Cybernetics Core  
  21  1:44  Pylon  
  21  1:48  Probe  
  22  1:54  Zealot  
  22  1:55  Warp Gate  
  22  2:06  Pylon  
  24  2:42  Twilight Council  
  24  2:47  Zealot  
  26  3:10  Probe  
  27  3:14  Twilight Council  
  27  3:18  Gateway  
  27  3:20  Robotics Facility  
  27  3:23  Pylon  
  27  3:32  Stalker  
  29  3:36  Blink  
  29  3:48  Forge  
  29  3:58  Warp Prism  
  31  4:11  Nexus  
  31  4:15  Pylon  
  31  4:22  Pylon  
  31  4:25  Protoss Ground Weapons Level 1  
  31  4:37  Pylon  
  31  4:42  Probe  
  32  4:46  Observer  
  32  4:52  Dark Shrine  
  33  4:54  Probe  
  33  4:57  Shield Battery  
  33  4:59  Photon Cannon  
  34  5:06  Probe, Shield Battery  
  35  5:18  Probe  
  36  5:23  Probe  
  36  5:26  Adept x2  
  41  5:37  Immortal  
  41  6:03  Probe  
  41  6:14  Protoss Ground Weapons Level 2  
  41  6:24  Gateway  
  41  6:26  Gateway  
  41  6:29  Dark Templar x2  
  45  7:09  Immortal  
  45  7:15  Robotics Bay  
  45  7:18  Probe x2  
  51  7:30  Probe x2  
  53  7:40  Stalker x2  
  57  7:53  Stalker x2  
  57  7:55  Probe x2  
  63  8:00  Charge  
  63  8:07  Probe x2  
  63  8:12  Assimilator  
  65  8:14  Assimilator  
  65  8:16  Gravitic Drive  
  65  8:18  Gateway  
  65  8:19  Probe x2  
  67  8:21  Gateway  
  67  8:23  Gateway  
  67  8:26  Pylon  
  67  8:30  Gateway  
  67  8:31  Probe, Gateway  
  68  8:34  Photon Cannon  
  68  8:35  Probe  
  68  8:37  Pylon  
  69  8:43  Probe  
  69  8:47  Probe, Zealot x2  
  69  8:48  Zealot  
  77  8:55  Probe  
  77  9:01  Probe  
  79  9:07  Pylon  
  79  9:08  Probe  
  80  9:10  Shield Battery  
  81  9:17  Probe  
  81  9:21  Zealot x2  
  81  9:22  Zealot x2  
  81  9:24  Probe  
  90  9:29  Probe  
  91  9:35  Zealot x2  
  81  10:36  Dark Templar x4  
  89  10:44  Nexus  
  89  10:52  Probe x2  
  89  10:56  Zealot x4  
  89  10:57  Zealot  
  101  11:00  Pylon  
  101  11:03  Pylon  
  102  11:04  Probe, Pylon  
  102  11:08  Assimilator  
  100  11:12  Assimilator  
  100  11:17  Pylon  
  98  11:29  Probe x2, Stalker x2  
  98  11:30  Stalker x3  
  110  11:34  Photon Cannon  
  110  11:37  Photon Cannon  
  110  11:39  Photon Cannon  
  110  11:41  Shield Battery  
  110  11:45  Stalker  
  110  11:46  Stalker  
  111  12:05  Probe x3  
  114  12:17  Probe x3  
  117  12:24  Protoss Ground Weapons Level 3, Observer  
  117  12:29  Probe x3  
  121  12:38  Forge  
  121  12:41  Probe x3  
  121  12:43  Templar Archives, Observer  
  124  12:47  Photon Cannon, Stalker x2  
  124  12:48  Shield Battery  
  129  12:53  Probe x2  
  129  12:54  Probe  
  132  13:05  Probe x2  
  134  13:06  Probe  
  135  13:13  Zealot x4  
  135  13:17  Probe x2  
  135  13:18  Probe  
  146  13:29  Probe x2  
  146  13:30  Probe  
  149  13:37  Psionic Storm  
  149  13:52  Pylon  
  149  13:53  Pylon  
  149  13:54  Pylon  
  149  14:02  Probe x2  
  145  14:25  Stalker x2  
  145  14:26  High Templar x3  
  145  14:27  High Templar x3  
  145  14:28  High Templar  
  163  14:34  Archon x3  
  159  14:44  Probe x2  
  161  14:52  Stalker x2  
  165  15:10  Nexus, High Templar x4  
  167  15:44  High Templar  
  167  15:45  High Templar x2  
  173  16:21  Pylon  
  173  16:23  Pylon  
  173  16:25  Pylon  
  173  16:26  Probe x3  
  173  16:27  Probe  
  173  16:32  Pylon  
  177  16:33  Protoss Ground Armor Level 1  
  177  16:38  Probe  
  177  16:39  Pylon  
  178  16:42  Assimilator  
  178  16:43  Pylon  
  178  16:46  Assimilator  
  178  16:53  Pylon  
  169  17:31  Photon Cannon  
  169  17:32  Photon Cannon  
  169  17:34  Probe, Photon Cannon  
  170  17:37  Photon Cannon  
  170  17:38  Photon Cannon  
  170  17:42  Shield Battery  
  170  17:45  Photon Cannon  
  170  17:47  Photon Cannon  
  170  17:48  Shield Battery  
  170  17:51  Stargate  
  170  17:56  Stargate  
  170  17:57  Stargate  
  170  18:19  High Templar x3  
  176  18:20  Stalker x2  
  176  18:21  Stalker x2  
  176  18:22  Stalker x2  
  188  18:40  Nexus, Assimilator  
  188  18:41  Assimilator  
  188  18:42  Pylon  
  188  18:44  Pylon  
  140  19:45  Zealot x6  
  146  19:46  Zealot x2  
  108  20:25  Stalker  
  108  20:26  Stalker x4  
  108  20:27  Stalker x2  
  108  20:28  Stalker  
  122  20:29  Stalker  
  109  20:53  Probe  
  108  20:57  Stalker x3  
  108  20:58  Stalker x4  
  108  20:59  Stalker  
  108  21:00  Stalker  
  101  21:28  Zealot x2  
  101  21:29  Zealot x3  
  101  21:30  Zealot  
  101  21:31  High Templar x3  
  119  21:34  Probe x2  
  121  21:49  Fleet Beacon  
  121  21:53  Pylon  
  121  21:57  Pylon  
  121  21:59  Photon Cannon  
  121  22:01  Photon Cannon  
  121  22:02  Photon Cannon  
  121  22:03  Photon Cannon  
  121  22:05  Photon Cannon  
  121  22:06  Shield Battery  
  121  22:07  Shield Battery  
  121  22:11  Shield Battery  
  121  22:13  Dark Templar x2  
  121  22:14  Dark Templar x3  
Tags
 
Add a new tag
Caveats
  • Supply blocks, unpowered buildings, or Contaminate may cause inaccurate times.
  • Supply counts are checked every 10 seconds.